[ AOE2 MATCH · #505253849 ]
UnrankedKoreans vs Burmese
Player's team · LOSS
Rival team · WIN
[ REPLAY ANALYSIS · EXTRACTED FROM THE RECORDED GAME ]
Feudal
10:49
Castle
23:16
Imperial
37:03
| APM avg | 76.7 |
| APM peak | 114 |
| eAPM avg | 34.7 |
| Villagers / military | 194 / 233 |
Focus
⚔️ 50.2% · 🌾 49.8%
Archer ×188 · Skirmisher ×26 · Militia ×7 · Iron Pagoda ×4 · Trebuchet (Packed) ×4 · Bombard Cannon ×2
Feudal
9:25
Castle
21:10
Imperial
41:41
| APM avg | 77.9 |
| APM peak | 151 |
| eAPM avg | 36.8 |
| Villagers / military | 176 / 157 |
Focus
⚔️ 49.1% · 🌾 50.9%
Arambai ×133 · Bombard Cannon ×8 · Militia ×7 · Mangonel ×5 · Monk ×1 · Knight ×1
Match map
Initial resources + every placement click. Lines = walls · curves = elevation contours. ◆ gold · ⬟ stone · ● berries · ✦ relic · ◌ wall gap
Your base· ✓ Closed at 23:16 · 76t walls · 2 gate(s)
DS_Ciskhan's base· ✓ Closed at 21:10 · 82t walls · no gate
Smoothed initial terrain · ◌ = detected wall gap · hover for details
Inputs per minute
— Macluffy - - DS_Ciskhan
Build order — Macluffy
First 150 of 614 actions detected
| 0:00 | Create | Villager (Male) |
| 0:01 | Build | House |
| 0:02 | Build | House |
| 0:06 | Create | Villager (Male) |
| 0:08 | Create | Villager (Male) |
| 0:09 | Create | Villager (Male) |
| 1:23 | Create | Villager (Male) |
| 1:57 | Build | Lumber Camp |
| 1:58 | Create | Villager (Male) |
| 2:12 | Create | Villager (Male) |
| 2:43 | Create | Villager (Male) |
| 3:00 | Create | Villager (Male) |
| 3:29 | Create | Villager (Male) |
| 3:46 | Create | Villager (Male) |
| 3:48 | Build | House |
| 4:26 | Create | Villager (Male) |
| 4:38 | Build | Barracks |
| 4:47 | Create | Villager (Male) |
| 5:01 | Create | Villager (Male) |
| 5:08 | Build | Palisade Gate |
| 5:16 | Create | Villager (Male) |
| 5:32 | Build | House |
| 5:33 | Create | Militia |
| 5:50 | Create | Militia |
| 6:06 | Build | House |
| 6:11 | Build | Mill |
| 6:17 | Create | Villager (Male) |
| 6:23 | Create | Militia |
| 6:38 | Build | Palisade Wall |
| 6:40 | Create | Villager (Male) |
| 6:58 | Create | Villager (Male) |
| 7:27 | Create | Villager (Male) |
| 7:37 | Research | Loom |
| 7:51 | Build | Palisade Wall |
| 8:39 | Research | Feudal Age |
| 8:51 | Build | Mill |
| 9:24 | Build | Palisade Wall |
| 9:44 | Build | Mining Camp |
| 10:08 | Create | Militia |
| 10:16 | Create | Villager (Male) |
| 10:23 | Build | Palisade Wall |
| 10:25 | Build | Palisade Wall |
| 10:27 | Build | Palisade Wall |
| 10:31 | Build | Palisade Wall |
| 10:41 | Build | Palisade Wall |
| 10:43 | Build | Palisade Wall |
| 10:44 | Build | Palisade Wall |
| 10:46 | Build | Palisade Wall |
| 10:49 | Build | Palisade Wall |
| 10:49 | Age | Feudal Age |
| 10:51 | Create | Villager (Male) |
| 10:55 | Build | Archery Range |
| 11:00 | Build | Palisade Wall |
| 11:01 | Build | Palisade Wall |
| 11:02 | Build | Palisade Wall |
| 11:05 | Build | Palisade Wall |
| 11:07 | Build | Palisade Wall |
| 11:07 | Build | Palisade Wall |
| 11:08 | Build | Palisade Wall |
| 11:16 | Create | Villager (Male) |
| 11:23 | Research | Man-at-Arms (upgrade) |
| 11:29 | Build | Farm |
| 11:40 | Create | Villager (Male) |
| 11:52 | Create | Archer |
| 11:54 | Build | House |
| 12:06 | Build | Palisade Wall |
| 12:08 | Build | Palisade Wall |
| 12:11 | Build | Palisade Wall |
| 12:25 | Create | Villager (Male) |
| 12:27 | Create | Archer |
| 12:44 | Build | Farm |
| 12:44 | Build | Farm |
| 12:53 | Build | Farm |
| 12:54 | Build | Farm |
| 13:04 | Create | Spearman |
| 13:10 | Create | Archer |
| 13:13 | Build | Farm |
| 13:14 | Build | Farm |
| 13:16 | Create | Villager (Male) |
| 13:26 | Build | Palisade Wall |
| 13:31 | Build | Farm |
| 13:36 | Build | House |
| 13:48 | Build | Farm |
| 13:56 | Create | Villager (Male) |
| 14:00 | Build | House |
| 14:06 | Build | Farm |
| 14:14 | Create | Archer |
| 14:14 | Create | Villager (Male) |
| 14:35 | Create | Archer |
| 14:38 | Create | Villager (Male) |
| 14:41 | Build | Farm |
| 14:42 | Create | Militia |
| 14:43 | Build | Palisade Wall |
| 14:44 | Build | Palisade Wall |
| 14:57 | Create | Villager (Male) |
| 15:17 | Create | Militia |
| 15:20 | Build | Blacksmith |
| 15:33 | Create | Villager (Male) |
| 15:40 | Create | Archer |
| 15:40 | Create | Villager (Male) |
| 15:54 | Build | Farm |
| 15:55 | Build | Farm |
| 15:58 | Create | Militia |
| 16:04 | Research | Fletching |
| 16:06 | Build | Palisade Wall |
| 16:08 | Build | Palisade Wall |
| 16:13 | Create | Villager (Male) |
| 16:16 | Build | House |
| 16:27 | Build | Palisade Gate |
| 16:36 | Create | Villager (Male) |
| 16:38 | Build | Palisade Wall |
| 16:39 | Create | Archer |
| 16:46 | Create | Villager (Male) |
| 16:49 | Build | Lumber Camp |
| 16:53 | Build | Palisade Gate |
| 16:55 | Create | Villager (Male) |
| 17:03 | Create | Villager (Male) |
| 17:15 | Create | Archer |
| 17:20 | Create | Villager (Male) |
| 17:25 | Build | Palisade Wall |
| 17:29 | Build | Palisade Wall |
| 17:31 | Create | Villager (Male) |
| 17:46 | Create | Archer |
| 17:50 | Build | House |
| 17:59 | Build | Farm |
| 18:05 | Research | Scale Mail Armor |
| 18:10 | Build | House |
| 18:15 | Research | Double-Bit Axe |
| 18:22 | Build | Market |
| 18:23 | Create | Villager (Male) |
| 18:36 | Build | Farm |
| 18:39 | Create | Archer |
| 18:39 | Create | Villager (Male) |
| 18:43 | Research | Arson |
| 18:58 | Create | Archer |
| 18:59 | Create | Villager (Male) |
| 19:02 | Build | Farm |
| 19:22 | Build | Farm |
| 19:30 | Build | Farm |
| 19:50 | Create | Villager (Male) |
| 19:54 | Create | Archer |
| 19:55 | Create | Villager (Male) |
| 20:36 | Research | Castle Age |
| 21:37 | Create | Villager (Male) |
| 21:55 | Create | Archer |
| 21:56 | Build | Farm |
| 21:57 | Build | Farm |
| 22:20 | Create | Archer |
| 22:22 | Create | Villager (Male) |
| 22:32 | Create | Archer |
Build order — DS_Ciskhan
First 150 of 552 actions detected
| 0:00 | Create | Villager (Male) |
| 0:02 | Build | House |
| 0:03 | Build | House |
| 0:05 | Create | Villager (Male) |
| 0:06 | Create | Villager (Male) |
| 0:08 | Create | Villager (Male) |
| 1:22 | Create | Villager (Male) |
| 1:22 | Create | Villager (Male) |
| 2:01 | Create | Villager (Male) |
| 2:02 | Create | Villager (Male) |
| 2:28 | Create | Villager (Male) |
| 2:43 | Create | Villager (Male) |
| 3:08 | Create | Villager (Male) |
| 3:22 | Build | Lumber Camp |
| 3:38 | Create | Villager (Male) |
| 3:38 | Create | Villager (Male) |
| 3:51 | Build | House |
| 3:52 | Create | Villager (Male) |
| 4:00 | Create | Villager (Male) |
| 4:17 | Create | Villager (Male) |
| 4:43 | Build | Mill |
| 5:30 | Create | Villager (Male) |
| 5:35 | Create | Villager (Male) |
| 5:58 | Research | Loom |
| 6:02 | Create | Villager (Male) |
| 6:03 | Research | Loom |
| 6:10 | Build | Palisade Wall |
| 6:12 | Build | Palisade Wall |
| 6:31 | Build | House |
| 6:56 | Build | Barracks |
| 7:12 | Build | Barracks |
| 7:15 | Research | Feudal Age |
| 7:28 | Build | Palisade Wall |
| 7:47 | Build | Palisade Wall |
| 7:49 | Build | Palisade Wall |
| 8:07 | Create | Militia |
| 8:08 | Create | Militia |
| 8:20 | Build | Mining Camp |
| 8:24 | Build | Palisade Wall |
| 8:26 | Build | Palisade Wall |
| 8:29 | Build | Palisade Wall |
| 8:39 | Create | Militia |
| 8:59 | Build | Mill |
| 9:24 | Build | House |
| 9:25 | Age | Feudal Age |
| 9:26 | Build | Palisade Wall |
| 9:27 | Create | Villager (Male) |
| 9:31 | Build | Palisade Wall |
| 9:41 | Research | Man-at-Arms (upgrade) |
| 9:45 | Build | Palisade Wall |
| 9:46 | Build | Palisade Wall |
| 9:47 | Build | Palisade Wall |
| 9:52 | Create | Villager (Male) |
| 9:53 | Build | Farm |
| 10:00 | Build | House |
| 10:16 | Create | Villager (Male) |
| 10:17 | Create | Villager (Male) |
| 10:40 | Create | Militia |
| 10:47 | Build | Farm |
| 10:48 | Build | Farm |
| 10:53 | Create | Villager (Male) |
| 10:58 | Build | House |
| 11:11 | Create | Villager (Male) |
| 11:16 | Build | House |
| 11:17 | Build | Palisade Wall |
| 11:21 | Build | Farm |
| 11:23 | Build | Palisade Wall |
| 11:26 | Create | Villager (Male) |
| 11:35 | Create | Militia |
| 11:36 | Build | House |
| 11:42 | Build | Farm |
| 11:55 | Build | Farm |
| 12:00 | Create | Villager (Male) |
| 12:01 | Create | Villager (Male) |
| 12:18 | Build | Farm |
| 12:29 | Build | Palisade Wall |
| 12:31 | Build | Palisade Wall |
| 12:33 | Build | Palisade Wall |
| 12:34 | Create | Militia |
| 12:36 | Build | Palisade Wall |
| 12:40 | Create | Villager (Male) |
| 12:47 | Build | Farm |
| 12:55 | Create | Villager (Male) |
| 12:58 | Build | Farm |
| 13:10 | Create | Militia |
| 13:20 | Build | Farm |
| 13:21 | Build | Farm |
| 13:26 | Create | Villager (Male) |
| 13:36 | Create | Villager (Male) |
| 13:44 | Build | Farm |
| 13:51 | Create | Villager (Male) |
| 14:09 | Build | House |
| 14:10 | Build | Palisade Wall |
| 14:14 | Create | Villager (Male) |
| 14:14 | Create | Villager (Male) |
| 14:15 | Build | Farm |
| 14:23 | Research | Horse Collar |
| 14:33 | Build | Palisade Wall |
| 14:34 | Build | Palisade Wall |
| 14:37 | Build | Palisade Wall |
| 14:41 | Create | Villager (Male) |
| 14:52 | Create | Villager (Male) |
| 15:00 | Build | Lumber Camp |
| 15:17 | Create | Villager (Male) |
| 15:51 | Create | Villager (Male) |
| 15:54 | Build | House |
| 15:56 | Create | Villager (Male) |
| 16:02 | Build | Palisade Wall |
| 16:03 | Build | Palisade Wall |
| 16:06 | Create | Villager (Male) |
| 16:09 | Build | Archery Range |
| 16:11 | Build | Palisade Wall |
| 16:15 | Build | Palisade Wall |
| 16:26 | Build | Palisade Wall |
| 16:43 | Build | Mining Camp |
| 17:12 | Create | Villager (Male) |
| 17:18 | Build | Palisade Wall |
| 17:21 | Create | Villager (Male) |
| 17:26 | Build | Blacksmith |
| 17:45 | Build | Palisade Wall |
| 17:47 | Build | Palisade Wall |
| 18:01 | Build | Palisade Wall |
| 18:05 | Build | Palisade Wall |
| 18:18 | Build | Lumber Camp |
| 18:19 | Research | Castle Age |
| 18:43 | Research | Stone Mining |
| 19:00 | Build | Stable |
| 19:18 | Create | Skirmisher |
| 19:30 | Build | House |
| 19:31 | Build | Palisade Wall |
| 19:38 | Build | Palisade Wall |
| 19:46 | Research | Padded Archer Armor |
| 19:53 | Build | House |
| 19:54 | Build | House |
| 20:14 | Build | House |
| 20:36 | Build | House |
| 20:40 | Build | House |
| 21:10 | Age | Castle Age |
| 21:13 | Create | Knight |
| 21:16 | Build | Lumber Camp |
| 21:16 | Create | Villager (Male) |
| 21:21 | Build | House |
| 21:23 | Build | House |
| 21:24 | Build | House |
| 21:33 | Build | Castle |
| 21:38 | Create | Villager (Male) |
| 21:40 | Research | Bloodlines |
| 21:43 | Build | House |
| 21:53 | Create | Villager (Male) |
| 21:57 | Create | Villager (Male) |
Match timeline
| 4:38 | Macluffy · first_building Barracks |
| 6:10 | DS_Ciskhan · wall_segment Palisade Wall x1 |
| 6:12 | DS_Ciskhan · wall_segment Palisade Wall x1 |
| 6:38 | Macluffy · wall_segment Palisade Wall x8 |
| 6:56 | DS_Ciskhan · first_building Barracks |
| 7:28 | DS_Ciskhan · wall_segment Palisade Wall x1 |
| 7:47 | DS_Ciskhan · wall_segment Palisade Wall x1 |
| 7:49 | DS_Ciskhan · wall_segment Palisade Wall x1 |
| 7:51 | Macluffy · wall_segment Palisade Wall x11 |
| 8:24 | DS_Ciskhan · wall_segment Palisade Wall x1 |
| 8:26 | DS_Ciskhan · wall_segment Palisade Wall x1 |
| 8:29 | DS_Ciskhan · wall_segment Palisade Wall x1 |
| 9:24 | Macluffy · wall_segment Palisade Wall x8 |
| 9:25 | DS_Ciskhan · age_up feudal |
| 9:26 | DS_Ciskhan · wall_segment Palisade Wall x1 |
| 9:31 | DS_Ciskhan · wall_segment Palisade Wall x1 |
| 9:45 | DS_Ciskhan · wall_segment Palisade Wall x1 |
| 9:46 | DS_Ciskhan · wall_segment Palisade Wall x1 |
| 9:47 | DS_Ciskhan · wall_segment Palisade Wall x1 |
| 10:23 | Macluffy · wall_segment Palisade Wall x1 |
| 10:25 | Macluffy · wall_segment Palisade Wall x1 |
| 10:27 | Macluffy · wall_segment Palisade Wall x1 |
| 10:31 | Macluffy · wall_segment Palisade Wall x1 |
| 10:41 | Macluffy · wall_segment Palisade Wall x1 |
| 10:43 | Macluffy · wall_segment Palisade Wall x1 |
| 10:44 | Macluffy · wall_segment Palisade Wall x1 |
| 10:46 | Macluffy · wall_segment Palisade Wall x1 |
| 10:49 | Macluffy · wall_segment Palisade Wall x1 |
| 10:49 | Macluffy · age_up feudal |
| 10:55 | Macluffy · first_building Archery Range |
| 11:00 | Macluffy · wall_segment Palisade Wall x1 |
| 11:01 | Macluffy · wall_segment Palisade Wall x1 |
| 11:02 | Macluffy · wall_segment Palisade Wall x1 |
| 11:05 | Macluffy · wall_segment Palisade Wall x1 |
| 11:07 | Macluffy · wall_segment Palisade Wall x1 |
| 11:07 | Macluffy · wall_segment Palisade Wall x1 |
| 11:08 | Macluffy · wall_segment Palisade Wall x1 |
| 11:17 | DS_Ciskhan · wall_segment Palisade Wall x4 |
| 11:23 | DS_Ciskhan · wall_segment Palisade Wall x1 |
| 12:06 | Macluffy · wall_segment Palisade Wall x1 |
| 12:08 | Macluffy · wall_segment Palisade Wall x1 |
| 12:11 | Macluffy · wall_segment Palisade Wall x1 |
| 12:29 | DS_Ciskhan · wall_segment Palisade Wall x2 |
| 12:31 | DS_Ciskhan · wall_segment Palisade Wall x1 |
| 12:33 | DS_Ciskhan · wall_segment Palisade Wall x1 |
| 12:36 | DS_Ciskhan · wall_segment Palisade Wall x1 |
| 13:26 | Macluffy · wall_segment Palisade Wall x1 |
| 14:10 | DS_Ciskhan · wall_segment Palisade Wall x6 |
| 14:33 | DS_Ciskhan · wall_segment Palisade Wall x3 |
| 14:34 | DS_Ciskhan · wall_segment Palisade Wall x1 |
| 14:37 | DS_Ciskhan · wall_segment Palisade Wall x1 |
| 14:43 | Macluffy · wall_segment Palisade Wall x1 |
| 14:44 | Macluffy · wall_segment Palisade Wall x1 |
| 16:02 | DS_Ciskhan · wall_segment Palisade Wall x2 |
| 16:03 | DS_Ciskhan · wall_segment Palisade Wall x6 |
| 16:06 | Macluffy · wall_segment Palisade Wall x7 |
| 16:08 | Macluffy · wall_segment Palisade Wall x12 |
| 16:09 | DS_Ciskhan · first_building Archery Range |
| 16:11 | DS_Ciskhan · wall_segment Palisade Wall x13 |
| 16:15 | DS_Ciskhan · wall_segment Palisade Wall x1 |
| 16:26 | DS_Ciskhan · wall_segment Palisade Wall x5 |
| 16:38 | Macluffy · wall_segment Palisade Wall x8 |
| 17:18 | DS_Ciskhan · wall_segment Palisade Wall x2 |
| 17:25 | Macluffy · wall_segment Palisade Wall x1 |
| 17:29 | Macluffy · wall_segment Palisade Wall x1 |
| 17:45 | DS_Ciskhan · wall_segment Palisade Wall x5 |
| 17:47 | DS_Ciskhan · wall_segment Palisade Wall x7 |
| 18:01 | DS_Ciskhan · wall_segment Palisade Wall x1 |
| 18:05 | DS_Ciskhan · wall_segment Palisade Wall x1 |
| 19:00 | DS_Ciskhan · first_building Stable |
| 19:31 | DS_Ciskhan · wall_segment Palisade Wall x1 |
| 19:38 | DS_Ciskhan · wall_segment Palisade Wall x6 |
| 19:46 | Macluffy · first_market_sell 100 stone |
| 19:47 | Macluffy · first_market_buy 100 food |
| 21:10 | DS_Ciskhan · age_up castle |
| 21:33 | DS_Ciskhan · first_building Castle |
| 23:16 | Macluffy · age_up castle |
| 24:18 | Macluffy · first_building Monastery |
| 24:51 | DS_Ciskhan · first_building Siege Workshop |
| 28:37 | DS_Ciskhan · wall_segment Palisade Wall x1 |
| 28:38 | DS_Ciskhan · wall_segment Palisade Wall x1 |
| 29:35 | DS_Ciskhan · first_building Monastery |
| 30:33 | Macluffy · first_building Siege Workshop |
| 37:03 | Macluffy · age_up imperial |
| 37:10 | Macluffy · first_building Castle |
| 41:41 | DS_Ciskhan · age_up imperial |
| 44:27 | DS_Ciskhan · first_market_buy 100 food |
| 44:34 | DS_Ciskhan · first_market_sell 100 wood |
| 45:16 | DS_Ciskhan · wall_segment Stone Wall x1 |
| 45:17 | DS_Ciskhan · wall_segment Stone Wall x1 |
| 45:17 | DS_Ciskhan · wall_segment Stone Wall x1 |
| 45:17 | DS_Ciskhan · wall_segment Stone Wall x1 |
| 45:18 | DS_Ciskhan · wall_segment Stone Wall x1 |
| 45:18 | DS_Ciskhan · wall_segment Stone Wall x1 |
| 45:19 | DS_Ciskhan · wall_segment Stone Wall x1 |
| 48:36 | DS_Ciskhan · wall_segment Stone Wall x1 |
| 48:37 | DS_Ciskhan · wall_segment Stone Wall x1 |
| 48:38 | DS_Ciskhan · wall_segment Stone Wall x1 |
| 51:33 | Macluffy · resign |
[ AI ANALYSIS · 1 CREDIT ]
What really happened in this match?
Wolo.gg analyzes every decision: build order, eco, micro, common mistakes by bracket. Personalized analysis on WhatsApp or Discord in 30 seconds.
Civ guide
Koreans
Perfil
Jugador #453821